 Dungeon Crawl Stone Soup version 0.31.0-4-g52a2dc7128 (webtiles) character file.

Game seed: 8004161077066200173

49 Destapler the Poker (level 3, 30/30 HPs)
             Began as a Merfolk Berserker on Jan 21, 2024.
             Was a Follower of Trog.
             Got out of the dungeon alive.
             The game lasted 00:02:20 (1360 turns).

Destapler the Poker (Merfolk Berserker)             Turns: 1360, Time: 00:02:20

Health: 30/30      AC:  9    Str: 17    XL:     3   Next: 77%
Magic:  3/3        EV:  8    Int:  8    God:    Trog [*.....]
Gold:   86         SH:  0    Dex: 13    Spells: 2/2 levels left

rFire   + . .        a - +0 spear
rCold   . . .        (no shield)
rNeg    . . .        q - +0 chain mail {rF+}
rPois   .            g - +0 helmet
rElec   .            (no cloak)
rCorr   .            (no gloves)
SInv    .            (no boots)
Will    .....        (no amulet) Stlth
                     (no ring)
HPRegen 0.25/turn    (no ring)
MPRegen 0.08/turn

%: no passive effects
@: no status effects
A: (nimble swimmer 2), mertail
a: Renounce Religion, Berserk


You escaped.
You worshipped Trog.
Trog was aware of your devotion.
You visited 1 branch of the dungeon, and saw 2 of its levels.

You collected 108 gold pieces.
You spent 22 gold pieces at shops.

Inventory:

Hand Weapons
 a - a +0 spear (weapon)
Armour
 g - a +0 helmet (worn)
 h - a +1 leather armour of willpower
 q - a +0 chain mail of fire resistance (worn)
Jewellery
 p - an amulet of regeneration
Scrolls
 b - a scroll of teleportation {unknown}
 c - a scroll of enchant armour {unknown}
 d - a scroll of poison {unknown}
 e - 2 scrolls of vulnerability {unknown}
 m - a scroll of amnesia {unknown}
 n - a scroll of revelation {unknown}
 r - a scroll of blinking {unknown}
Potions
 f - a potion of curing
 i - a potion of berserk rage {unknown}
 j - 2 potions of magic {unknown}
 k - a potion of enlightenment {unknown}
 l - a potion of mutation {unknown}
 o - 2 potions of brilliance {unknown}


   Skills:
 + Level 3.8 Fighting
 + Level 4.6 Polearms
 + Level 1.9 Armour
 + Level 3.4 Dodging


You had 2 spell levels left.
You didn't know any spells.
Your spell library was empty.

Dungeon Overview and Level Annotations

Branches:
Dungeon (2/15)

Altars:
Ashenzari

Shops:
D:1 ?


Innate Abilities, Weirdness & Mutations

((You are very nimble when in or above water. (Stealth+, EV+, Speed+++)))
Your lower body shifts to a powerful aquatic tail in water.


Message History

Crazy Yiuf hits you but does no damage.
You feel very mighty all of a sudden.
You puncture Crazy Yiuf!
Crazy Yiuf is moderately wounded.
Crazy Yiuf hits you but does no damage.
You puncture Crazy Yiuf!
Crazy Yiuf is almost dead.
Crazy Yiuf grits, "Announcement!"
Crazy Yiuf hits you with a +2 quarterstaff of chaos!
You feel your power leaking away.
You puncture Crazy Yiuf!
You kill Crazy Yiuf!
Trog accepts your kill.
You have reached level 3!
Your experience leads to an increase in your attributes!
Increase (S)trength, (I)ntelligence, or (D)exterity?
You feel clever. x2
Unknown command.
There is an open translucent door, spattered with blood here.
Things that are here:
a +2 quarterstaff of chaos; a +0 cloak You see here a +0 hammer.
You see here a +0 hammer.
You see here a +0 hammer.
You see here a +0 mace.
You feel a little less mighty now.
Magic restored.
You open the door.
There is an open door here.
You open the door.
There is an open door here.
There is a stone staircase leading up here.
You climb upwards.
There is a stone staircase leading down here.
Okay, then.
What level of the Dungeon? (default 1, ? - help)
You see here a +0 dagger.
Your legs become a tail as you enter the water.
There is a staircase leading out of the dungeon here.
You have escaped!

#.# #.# #.# #.# ##### #.#
#.# ....# #.########### #.#
###.# #...........## #.#
#.# ##..≈≈≈≈≈≈≈..###.## #.#
##..≈≈.....≈≈..##..# #.#
##..≈≈.......≈≈..##.# #.#
#..≈≈....@.8..≈≈..#)# #.#
#..≈..8.....♣..≈....#
#.####..≈.....♣.....≈.#..##
#.......≈≈.........≈≈.#...#
######...≈≈....8..≈≈..##.##
#....≈≈....♣≈≈..###.#
#.#...≈≈≈.≈≈≈..## #.#
#.#............# #.#
#.#.#..........## #.#


There were no monsters in sight!

Vanquished Creatures
  Crazy Yiuf (D:2)
  4 bats
  An endoplasm (D:2)
  A giant cockroach (D:1)
  2 goblins
  A hobgoblin (D:2)
  2 kobolds (D:2)
  2 quokkas (D:1)
  4 frilled lizards (D:1)
  2 rats (D:1)
20 creatures vanquished.

Notes
Turn   | Place    | Note
-------+----------+-------------------------------------------
     0 | D:1      | Destapler the Merfolk Berserker began the quest for the
                  | Orb.
     0 | D:1      | Reached XP level 1. HP: 18/18 MP: 1/1
   517 | D:1      | Reached XP level 2. HP: 24/24 MP: 2/2
   798 | D:1      | Found Neemu's Magic Scroll Boutique.
   801 | D:1      | Bought a scroll of identify for 22 gold pieces
  1117 | D:2      | Found a broken altar of Ashenzari.
  1207 | D:2      | Found a runed translucent door.
  1208 | D:2      | Noticed Crazy Yiuf
  1219 | D:2      | Killed Crazy Yiuf
  1220 | D:2      | Reached XP level 3. HP: 18/30 MP: 0/3
  1360 | D:$      | Got out of the dungeon alive.

Illustrated notes

Levels and vault maps discovered:
D:1:      moated_graveyard_arrival, layout_loops_ring, serial_shops,
          nicolae_shop_rolled_up, minmay_misc_feat_iff
D:2:      layout_basic, basic_altar, nicolae_figureground_sparkle,
          uniq_crazy_yiuf_cottage, uniq_natasha

Skill      XL: |  1  2 |
---------------+-------+-----
Dodging        | 3 |  3.4
Fighting       | |  3.8
Polearms       | |  4.6
Armour         | |  1.9

Action                     || total
---------------------------++-------
  Melee: Spear             ||    84
    Use: Scroll            ||     1
         Potion            ||     1
   Stab: Sleeping          ||     2
 Armour: Animal skin       ||    10
         Leather armour    ||    16
         Chain mail        ||     5
  Dodge: Dodged            ||    38
